 Dungeon Crawl Stone Soup version 0.30-a0-630-g881e3bac89 (console) character file.

Game seed: 10009969411093146465

979 Ignak the Stinger (level 8, -11/47 (51) HPs)
             Began as an Octopode Venom Mage on Jan 13, 2023.
             Mangled by a wight
             ... wielding a +0 halberd
              (14 damage)
             ... on level 6 of the Dungeon.
             The game lasted 00:13:14 (5164 turns).

Ignak the Stinger (Octopode Venom Mage)             Turns: 5164, Time: 00:13:14

HP:   -11/47 (51)   AC:  1    Str:  4    XL:     8   Next: 17%
MP:   17/21         EV: 15    Int: 20    God:
Gold: 281           SH:  0    Dex: 18    Spells: 4/13 levels left

rFire   . . .      SeeInvis .    a - +7 whip {freeze, rC+ Str-3 Stlth+}
rCold   + . .      Faith    .    (no shield)
rNeg    . . .      Spirit   .    (helmet restricted)
rPois   .          Reflect  .    (no amulet)
rElec   .          Harm     .    e - +6 ring of dexterity
rCorr   .          Rampage  .    o - ring of magical power
Will    .....                    (no ring)
Stlth   +++++                    (no ring)
HPRegen 0.27/turn                (no ring)
MPRegen 0.17/turn                (no ring)
                                 (no ring)
                                 (no ring)

@: drained
A: almost no armour, amphibious, 8 rings, camouflage 1, gelatinous body 1,
(nimble swimmer 1), tentacles, mutation resistance 1, sense surroundings 1
a: no special abilities


You were on level 6 of the Dungeon.
You visited 2 branches of the dungeon, and saw 7 of its levels.
You also visited: Sewer and Ossuary.

You collected 281 gold pieces.

Inventory:

Hand Weapons
 a - the +7 whip "Atekiull" (weapon) {freeze, rC+ Str-3 Stlth+}
   (You found it on level 4 of the Dungeon)

   Str:       It affects your strength (-3).
   rC:        It protects you from cold.
   Stlth:     It makes you more stealthy.
Missiles
 g - 15 poisoned darts (quivered)
Armour
 w - an orb of guile
Magical Staves
 b - a staff of poison
Jewellery
 e - a +6 ring of dexterity (left tentacle)
 o - a ring of magical power (right tentacle)
Scrolls
 f - 3 scrolls of blinking
 h - a scroll of poison
 k - a scroll of enchant weapon
 l - 4 scrolls of teleportation
 n - a scroll of summoning {unknown}
 x - a scroll of identify
Potions
 c - a potion of berserk rage
 d - a potion of cancellation {unknown}
 i - a potion of curing
 j - 5 potions of might
 m - a potion of flight {unknown}
 p - 2 potions of magic
 q - a potion of haste {unknown}
 r - 2 potions of mutation
 s - 2 potions of invisibility {unknown}
 t - 3 potions of heal wounds
 u - a potion of lignification {unknown}
 v - 2 potions of brilliance


   Skills:
 + Level 2.7 Fighting
 + Level 1.8 Maces & Flails
 * Level 4.6 Dodging
 + Level 5.1 Stealth
 - Level 1.0 Unarmed Combat
 + Level 3.2 Spellcasting
 - Level 2.0 Conjurations
 - Level 1.4 Transmutations
 - Level 2.0 Air Magic
 * Level 6.2 Poison Magic


You had 4 spell levels left.
You knew the following spells:

 Your Spells              Type           Power      Damage    Failure   Level
a - Sting                 Tmut/Pois      72%        1d6       2%          1
b - Summon Small Mammal   Summ           12%        N/A       14%         1
d - Mephitic Cloud        Conj/Pois/Air  16%        N/A       11%         3
z - Olgreb's Toxic Radia  Pois           28%        N/A       11%         4

Your spell library contained the following spells:

 Spells                   Type           Power      Damage    Failure   Level
 Poisonous Vapours        Pois/Air       38%        N/A       3%          2
 Cigotuvi's Dreadful Rot  Necr/Pois/Air  28%        N/A       7%          2
 Apportation              Tloc           6%         N/A       14%         1
 Necrotise                Necr           12%        1d4       14%         1


Dungeon Overview and Level Annotations

Branches:
Dungeon (6/15)             Temple (1/1) D:4           Sewer (visited)
Ossuary (visited)

Altars:
Ashenzari
Gozag
Nemelex Xobeh
Ru
Sif Muna
Trog
Vehumet
Xom
Yredelemnul

Annotations:
D:4 1 runed translucent door, fly's ghost, weakling DgDe


Innate Abilities, Weirdness & Mutations

You cannot wear most types of armour.
You are amphibious.
You can wear up to eight rings at the same time.
Your skin changes colour to match your surroundings (Stealth+).
Your rubbery body absorbs attacks. (AC +1, EV +1)
((You are camouflaged when in or above water. (Stealth+)))
You have tentacles for arms and can constrict up to eight enemies at once.
You are somewhat resistant to further mutation.
You passively map a small area around you.


Message History

A wight comes into view. It is wielding a +1 long sword.
Found a stone staircase leading down.
You whack the orc! You freeze the orc.
You kill the orc!
The orc wizard hits you with a +0 dagger.
You closely miss the orc wizard. You grab the orc wizard.
The orc wizard is heavily wounded.
You constrict the orc wizard, but do no damage.
The orc wizard hits you with a +0 dagger.
You hit the orc wizard. You freeze the orc wizard.
The orc wizard is severely wounded.
You constrict the orc wizard.
The orc wizard points at you and mumbles some strange words.
The puff of flame misses you. The wight closely misses you.
You hit the orc wizard. You freeze the orc wizard.
You kill the orc wizard!
The wight closely misses you.
Casting: Olgreb's Toxic Radiance (dangerous; 11% risk of failure)
Confirm with . or Enter, or press ? or * to list all spells.
The wight hits you with a +0 long sword!
You feel drained. The wight attacks as you move away!
The wight closely misses you.
Found 8 gold pieces.
The wight hits your rat with a +0 long sword!
Your rat dies!
Your rat's corpse disappears in a puff of smoke!
Things that are here:
a +0 dagger; a +0 robe; an orc corpse A gnoll opens the door.
Casting: Summon Small Mammal (safe; 14% risk of failure)
Confirm with . or Enter, or press ? or * to list all spells.
The wight hits you with a +1 long sword!
You feel drained.
The wight hits you with a +0 long sword.
The wight attacks as you move away! The wight barely misses you.
Your bat barely misses the wight.
The wight hits you with a +1 long sword!
* * * LOW HITPOINT WARNING * * *
The wight hits you from afar with a +0 halberd!
You die...

#........#.#<# ..,* , ,*
#........#.#.# ... *
#........#'#.# #..#** #
#............# #..,, .#
.............# ..#+#'#####
....##.......#
##.........$ *
....######'#.# ...g=...#*
....######.#.#####.)))[.#
, ,
....##..†.....(.@z.))...#,
*
....##...<.......zb(....#
######.....######z......#
, ####### * #.......# ***
,,...#........ ,
.z####.#....$.> ,* ,.. ,
,..#......., * ,.
###....... * .......


You could see 3 wights, a gnoll and a friendly bat (summoned).

Vanquished Creatures
  A sky beast (D:5)
  2 kobold brigands (Sewer)
  2 necrophages
  3 scorpions
  A human zombie (Ossuary)
  3 orc wizards
  4 mummies (Ossuary)
  3 gnolls (D:5)
  8 adders
  7 river rats
  A shadow imp (D:6)
  An ufetubus (D:5)
  4 worms
  A dart slug (D:3)
  12 orcs
  3 bats
  4 endoplasms
  2 giant cockroaches (D:2)
  5 goblins
  9 hobgoblins
  2 quokkas
  7 ball pythons
  5 frilled lizards
  A gnoll zombie (Ossuary)
  4 goblin zombies (Ossuary)
  A hobgoblin zombie (Ossuary)
  18 kobolds
  A kobold zombie (Ossuary)
  20 rats
135 creatures vanquished.

Vanquished Creatures (others)
  2 withered plants (D:4)
2 creatures vanquished.

Grand Total: 137 creatures vanquished

Notes
Turn   | Place    | Note
-------+----------+-------------------------------------------
     0 | D:1      | Ignak the Octopode Venom Mage began the quest for the Orb.
     0 | D:1      | Reached XP level 1. HP: 11/11 MP: 3/3
   210 | D:1      | Reached XP level 2. HP: 6/17 MP: 3/5
   303 | D:1      | Learned a level 1 spell: Summon Small Mammal
  1242 | D:2      | Reached XP level 3. HP: 22/22 MP: 3/6
  1387 | D:2      | Found a broken altar of Ashenzari.
  1393 | D:2      | Reached skill level 4 in Poison Magic
  1625 | D:2      | Gained mutation: You are weak. (Str -2) [potion of
                  | mutation]
  1625 | D:2      | Gained mutation: You are dopey. (Int -2) [potion of
                  | mutation]
  1626 | D:2      | Lost mutation: You are weak. (Str -2) [potion of mutation]
  1626 | D:2      | Lost mutation: You are dopey. (Int -2) [potion of mutation]
  1626 | D:2      | Gained mutation: You are frail. (-10% HP) [potion of
                  | mutation]
  1626 | D:2      | Gained mutation: One of your tentacles bears a spike.
                  | [potion of mutation]
  1627 | D:2      | Lost mutation: One of your tentacles bears a spike. [potion
                  | of mutation]
  1627 | D:2      | Lost mutation: You are frail. (-10% HP) [potion of
                  | mutation]
  1627 | D:2      | Gained mutation: You are somewhat resistant to further
                  | mutation. [potion of mutation]
  1627 | D:2      | Gained mutation: You passively map a small area around you.
                  | [potion of mutation]
  2017 | D:3      | Learned a level 3 spell: Mephitic Cloud
  2290 | D:3      | Reached XP level 4. HP: 27/27 MP: 7/7
  2295 | D:3      | Reached skill level 1 in Fighting
  2455 | D:3      | Reached skill level 1 in Unarmed Combat
  2712 | D:3      | Noticed a scorpion
  2724 | D:3      | Killed a scorpion
  2725 | D:3      | Reached XP level 5. HP: 12/33 MP: 8/8
  2958 | D:4      | Reached skill level 1 in Conjurations
  2958 | D:4      | Reached skill level 1 in Air Magic
  3041 | D:4      | Found a runed translucent door.
  3041 | D:4      | Noticed fly's ghost (weakling DgDe)
  3043 | D:4      | Identified the +7 whip "Atekiull" {freeze, rC+ Str-3
                  | Stlth+}
  3051 | D:4      | Reached XP level 6. HP: 38/39 MP: 9/9
  3196 | D:4      | Found a staircase to the Ecumenical Temple.
  3221 | Temple   | Entered the Ecumenical Temple
  3320 | D:4      | Reached skill level 5 in Poison Magic
  3816 | D:5      | Entered Level 5 of the Dungeon
  3848 | D:5      | Noticed a sky beast
  3869 | D:5      | Killed a sky beast
  3901 | D:5      | Reached XP level 7. HP: 27/45 MP: 11/11
  3912 | D:5      | Learned a level 4 spell: Olgreb's Toxic Radiance
  3940 | D:5      | Found a glowing drain.
  3947 | Sewer    | Entered a sewer
  3994 | Sewer    | Reached skill level 1 in Maces & Flails
  4308 | D:5      | Found a sand-covered staircase.
  4315 | Ossuary  | Entered an ossuary
  4651 | D:5      | Reached skill level 5 in Stealth
  4651 | D:5      | Reached skill level 6 in Poison Magic
  4651 | D:5      | Reached XP level 8. HP: 44/51 MP: 12/12
  5164 | D:6      | Mangled by a wight

Illustrated notes

Levels and vault maps discovered:
D:1:      enne_arrival_octagon_isle, layout_basic, minmay_quantized
D:2:      layout_basic, basic_altar
D:3:      layout_loops_cross, kennysheep_generic_room_9
D:4:      layout_basic, minmay_temple_entry_glass, gammafunk_ghost_grave
D:5:      layout_rooms, chequers_ossuary_entry_cave, lightli_sewer_entry_pipes,
          minmay_misc_feat_encased
D:6:      layout_basic, zin_purify, uniq_maggie, uniq_edmund
Temple:   nicolae_temple_two_arcs

Skill      XL: |  1  2  3  4  5  6  7 |
---------------+----------------------+-----
Stealth        | 3 4 5 |  5.1
Poison Magic   | 4 5 6 |  6.2
Fighting       | 1 2 |  2.7
Unarmed Combat | 1 |  1.0
Dodging        | 3 4 |  4.6
Conjurations   | 1 2 |  2.0
Air Magic      | 1 2 |  2.0
Maces & Flails | 1 |  1.8
Spellcasting   | 3 |  3.2
Transmutations | |  1.4

Action                   |  1- 3 |  4- 6 |  7- 9 || total
-------------------------+-------+-------+-------++-------
Melee: Unarmed           |     7 |       |       ||     7
       Club              |     9 |       |       ||     9
       Tentacles         |     8 |    11 |    19 ||    38
       Constrict         |    12 |     8 |    27 ||    47
       Staff             |    13 |     4 |    20 ||    37
       Punch             |     1 |       |     1 ||     2
       Mace              |       |     7 |       ||     7
       Whip              |       |    40 |    72 ||   112
 Cast: Sting             |    44 |    16 |       ||    60
       Mephitic Cloud    |       |     4 |       ||     4
       Olgreb's Toxic Ra |       |       |    11 ||    11
       Summon Small Mamm |       |       |     3 ||     3
  Use: Scroll            |     6 |     4 |     2 ||    12
       Potion            |     3 |       |     1 ||     4
 Stab: Sleeping          |     8 |     6 |     5 ||    19
       Confused          |       |     1 |       ||     1
       Distracted        |       |       |     4 ||     4
Armor: Skin              |     5 |     1 |       ||     6
Dodge: Dodged            |    33 |    51 |    52 ||   136

Table legend: (Time is in decaauts)
 A = Elapsed time spent in this place.
 B = Non-inter-level travel time spent in this place.
 C = Inter-level travel time spent in this place.
 D = Time resting spent in this place.
 E = Time spent auto-exploring this place.
 F = Levels seen in this place.
 G = Mean time per level.
                   A        B        C        D        E       F      G
               +--------+--------+--------+--------+--------+-----+--------+
         Total |   5173 |   5037 |    136 |    113 |   3307 |   9 |  574.8 |
       Dungeon |   4657 |   4521 |    136 |     82 |   3307 |   6 |  776.2 |
        Temple |      3 |      3 |      0 |      0 |      0 |   1 |    3.0 |
         Sewer |    293 |    293 |      0 |     29 |      0 |   1 |  293.0 |
       Ossuary |    219 |    219 |      0 |      2 |      0 |   1 |  219.0 |
               +--------+--------+--------+--------+--------+-----+--------+

Top non-repeatable levels by time:
     D:2: 1008 daAuts
     D:1: 958 daAuts
     D:3: 947 daAuts
     D:4: 903 daAuts
     D:5: 735 daAuts
   Sewer: 293 daAuts
 Ossuary: 219 daAuts
     D:6: 103 daAuts
  Temple: 3 daAuts
